Map: Ruby Rock LE

Players

INexorable

  • Race: Terran Terran
  • Spawn Location: 11:00

A.I. 1 (Very Easy) - Winner!

  • Race: Protoss Protoss
  • Spawn Location: 5:00

VOD

Have the link to the VOD?

Description

Time

  • Played on: Dec. 28, 2025, 3:31 p.m.
  • Length: 6:42
Show
View Real Time Build Order
Export as new Build Order

INexorable Terran 

Build Orders: Reaper Expand 

Get SALT Encoding   

  12  0:00  SCV  
  13  0:12  SCV  
  14  0:16  Supply Depot  
  14  0:24  SCV  
  15  0:38  SCV  
  15  0:39  Barracks  
  16  0:43  Refinery  
  16  0:50  SCV  
  17  1:02  SCV  
  18  1:14  SCV  
  19  1:26  Orbital Command, Reaper  
  20  1:38  Command Center  
  20  1:47  Supply Depot  
  20  1:51  SCV  
  21  1:58  Marine  
  22  2:03  SCV  
  22  2:07  Factory  
  23  2:13  Bunker  
  23  2:16  SCV  
  23  2:22  Barracks Reactor  
  24  2:25  Refinery  
  24  2:28  SCV  
  25  2:41  SCV  
  26  2:50  Orbital Command  
  26  2:52  Hellion  
  26  2:53  Starport  
  26  2:55  SCV  
  29  2:59  Marine x2  
  31  3:07  SCV  
  32  3:13  Factory Tech Lab  
  32  3:16  SCV  
  32  3:19  SCV  
  34  3:21  Marine x2  
  34  3:26  Barracks  
  36  3:27  Supply Depot  
  36  3:28  SCV  
  36  3:31  SCV  
  38  3:37  Raven  
  38  3:38  Marine  
  38  3:39  Factory Tech Lab  
  38  3:40  SCV  
  42  3:43  SCV  
  43  3:49  Supply Depot  
  43  3:51  Marine  
  43  3:52  SCV  
  46  3:55  SCV  
  46  3:56  Marine  
  46  3:57  Siege Tank  
  50  4:05  SCV  
  50  4:07  SCV  
  52  4:11  Supply Depot  
  52  4:14  Barracks  
  52  4:16  Marine x2  
  52  4:17  SCV  
  55  4:19  Marine, SCV  
  55  4:21  Engineering Bay  
  57  4:29  Siege Tank, SCV  
  61  4:31  Refinery  
  61  4:32  SCV  
  61  4:36  Supply Depot  
  62  4:41  Marine x2, SCV  
  62  4:42  Marauder  
  62  4:44  SCV  
  68  4:47  Terran Infantry Weapons Level 1  
  68  4:48  Supply Depot  
  68  4:54  SCV  
  68  4:55  Refinery  
  68  4:56  Stimpack, SCV  
  70  5:06  Marauder, SCV  
  70  5:07  Marine, Starport Reactor  
  73  5:08  Marine, SCV  
  73  5:11  Supply Depot  
  76  5:15  Marauder  
  76  5:18  SCV  
  76  5:20  SCV  
  80  5:21  Combat Shield  
  80  5:26  Supply Depot  
  80  5:27  Marine x2  
  82  5:29  Factory Reactor  
  82  5:30  Marauder  
  84  5:37  Marauder  
  84  5:39  Supply Depot  
  86  5:44  Marine  
  86  5:45  Marine  
  86  5:46  Command Center  
  86  5:48  Medivac  
  86  5:49  Medivac  
  92  5:55  Marauder  
  94  5:57  Supply Depot  
  94  5:58  Marauder  
  94  6:02  Marine x2  
  94  6:03  SCV x2  
  100  6:07  Supply Depot  
  100  6:08  Widow Mine  
  100  6:09  Widow Mine  
  104  6:16  Marauder  
  106  6:20  Marauder  
  106  6:23  Marine x2  
  112  6:29  Barracks  
  112  6:30  Barracks  
  116  6:38  Supply Depot  
Show
View Real Time Build Order
Export as new Build Order

A.I. 1 (Very Easy) Protoss - Winner!

Build Orders:  

Get SALT Encoding   

  12  0:00  Probe  
  13  0:13  Probe  
  14  0:20  Pylon  
  14  0:36  Assimilator  
  14  0:42  Gateway  
  14  0:46  Pylon  
  14  1:12  Assimilator  
  14  1:22  Probe  
  14  1:31  Probe  
  17  1:32  Zealot  
  17  1:33  Cybernetics Core  
  17  1:39  Probe  
  19  1:49  Probe  
  20  1:59  Warp Gate, Probe  
  20  2:07  Probe  
  22  2:37  Stalker  
Tags
 
Add a new tag
Caveats
  • Supply blocks, unpowered buildings, or Contaminate may cause inaccurate times.
  • Supply counts are checked every 10 seconds.